[Event "*** SCC Grand Prix: Titled Tuesday Blitz"]
[Site "Chess.com"]
[Date "2020.08.25"]
[Round "6"]
[White "esrosenberg"]
[Black "Kaua18"]
[Result "1-0"]
[WhiteElo "2196"]
[BlackElo "2390"]
[TimeControl "180+1"]
[EndTime "11:09:02 PDT"]
[Termination "esrosenberg won on time"]

1. Nf3 c5 2. c4 Nc6 3. g3 g6 4. Bg2 Bg7 5. Nc3 d6 6. O-O e5 7. a3 Nge7 8. b4 cxb4 9. axb4 Nxb4 10. Ba3 Nbc6 11. Qa4 O-O 12. Rab1 Rb8 13. Ng5 a6 14. Nge4 Nf5 15. e3 Be6 16. Nd5 b5 17. Qxa6 b4 18.
Nxb4 Rb6 19. Nxc6 Rxa6 20. Nxd8 Rxd8 21. Bb4 Bxc4 22. Rfc1 d5 23. Nc5 Ra2 24. d3 Bb5 25. Nb7 Rb8 26. Bxd5 Bxd3 27. Rb3 e4 28. Be1 Bf8 29.
Rxd3 exd3 30. Bxa2 Rxb7 31. Rc8 Kg7 32. Bc3+ f6 33.
Bxf6+ Kxf6 34. Rxf8+ Kg7 35. Rd8 Rb2 36. Be6 d2 37. Bxf5 gxf5 38. Kg2 Kf6 39. Kf3 Ke7 40. Rd4 Ke6 41. h4 Ke5 42. h5 h6 43. g4 fxg4+ 44. Kxg4 Rb4 45. f4+ Ke6 46. Rxd2 Rb2 47. Rxb2 Kf6 48.
Rb6+ Kf7 49. Kf5 1-0

[Event "*** SCC Grand Prix: Titled Tuesday Blitz"]
[Site "Chess.com"]
[Date "2020.08.25"]
[Round "6"]
[White "CookiesAndIceCream"]
[Black "Chamal_Gedgafov"]
[Result "1-0"]
[WhiteElo "2355"]
[BlackElo "2105"]
[TimeControl "180+1"]
[EndTime "11:09:02 PDT"]
[Termination "CookiesAndIceCream won on time"]

1. e4 e6 2. d4 d5 3. Nd2 a6 4. Ngf3 c5 5. exd5 exd5 6. c4 Nf6 7. Be2 Nc6 8. O-O cxd4 9. cxd5 Nxd5 10. Nb3 Be7 11. Nbxd4 Nxd4 12. Qxd4 O-O 13. Rd1 Be6 14. Bd2 Qb6 15. Qxb6 Nxb6 16. Bc3 Rfd8 17. Bd4 Nc4 18. Rac1 b5 19. b3 Nd6 20. Ne5 Bf8 21. Bf3 Rac8 22. Nc6 Re8 23. Nb4 a5 24. Nc6 a4 25. bxa4 bxa4 26.
a3 Bb3 27. Re1 Nf5 28. Bb2 Nd6 29. g3 Nc4 30. Rxe8 Rxe8 31. Bc3 Bxa3 32. Ra1 Bc5 33. Nd4 h6 34. Bd5 Rd8 35. Nxb3 Rxd5 36. Rxa4 Ne5 37.
Ra5 Nd7 38. Nxc5 Rxc5 39. Ra8+ Kh7 40. Bd4 Rd5 41. Be3 f6 42. Kg2 Ne5 43. Ra7 Kg6 44.
Bf4 Rb5 45. h3 Rb3 46. Be3 Rb2 47. g4 1-0

[Event "*** SCC Grand Prix: Titled Tuesday Blitz"]
[Site "Chess.com"]
[Date "2020.08.25"]
[Round "6"]
[White "tptagain"]
[Black "Alexsur1981"]
[Result "0-1"]
[WhiteElo "2850"]
[BlackElo "2673"]
[TimeControl "180+1"]
[EndTime "11:09:03 PDT"]
[Termination "Alexsur1981 won by resignation"]

1. Nf3 d5 2. b3 c6 3. Bb2 Bg4 4. g3 Bxf3 5. exf3 Nd7 6. f4 Ngf6 7. Bg2 g6 8. O-O Bg7 9. d3 O-O 10. c4 e6 11. Nd2 Ne8 12. Qc2 Bxb2 13. Qxb2 Qf6 14.
d4 Nd6 15. Rac1 Nf5 16. Nf3 Rfd8 17. Rfd1 a5 18. Ne5 Nxe5 19. fxe5 Qe7 20. cxd5 cxd5 21. Bh3 Rdc8 22. Bxf5 gxf5 23. Qd2 a4 24. bxa4 Rxc1 25. Rxc1 Rxa4 26. h4 Kg7 27. Rc8 h6 28. Rc5 Qd8 29. Qb2 Qa8 30. Rc7 Rxa2 31. Qb4 Qf8 32. Qxb7 Ra4 33. Qb6 Qe8 34. h5 Rc4 35. Kg2 Rxc7 36. Qxc7 Qa4 37. Qc3 Qd1 38. f3 Qe2+ 39. Kg1 Qd1+ 40.
Kg2 Qe2+ 41. Kg1 Kh7 42. Qc7 Qe3+ 43. Kg2 Kg7 44. Qe7 Qe2+ 45. Kg1 Qxf3 46. Qf6+ Kg8 47.
Qxh6 Qxg3+ 48. Kf1 Qh4 49. Kg2 Qg4+ 50. Kh2 f4 51. Qf6 Qg3+ 52. Kh1 f3 53. Qd8+ Kh7 0-1

[Event "*** SCC Grand Prix: Titled Tuesday Blitz"]
[Site "Chess.com"]
[Date "2020.08.25"]
[Round "6"]
[White "IvanSoriano1"]
[Black "Fischerev7"]
[Result "1/2-1/2"]
[WhiteElo "2572"]
[BlackElo "2354"]
[TimeControl "180+1"]
[EndTime "11:09:03 PDT"]
[Termination "Game drawn by repetition"]

1. e4 c5 2. Nf3 d6 3. d4 cxd4 4. Nxd4 Nf6 5. Nc3 a6 6. Be2 e5 7. Nf3 Be7 8. Bg5 Be6 9. O-O Nbd7 10. Nd2 b5 11. Re1 b4 12. Ncb1 h6 13. Bh4 Qc7 14. f3 O-O 15. Nf1 d5 16. exd5 Nxd5 17. Bxe7 Nxe7 18. Nbd2 Rfd8 19. Kh1 Nf5 20. Bd3 Nc5 21.
Bxf5 Bxf5 22. Ne3 Be6 23. Qe2 Na4 24. Rab1 a5 25. Nb3 Nc5 26. Nd2 Na4 27. Nec4 f6 28. Ne3 Rac8 29. Nb3 Nc5 30. Rbd1 a4 31. Nxc5 Qxc5 32.
Rxd8+ Rxd8 33. Qa6 Bf7 34. h3 a3 35. bxa3 bxa3 36. Ng4 Bxa2 37. Nxf6+ gxf6 38. Qxf6 Qd6 39. Qf5 Be6 40. Qg6+ Kf8 41. Qxh6+ Ke7 42. Re4 a2 43. Qg7+ Bf7 44. Rxe5+ Qxe5 45. Qxe5+ Be6 46. Qc5+ Rd6 47. Qg5+ Kd7 48. Qg7+ Kc6 49. Kh2 Rd1 50. Qc3+ Kd7 51. Qg7+ Kc6 52. Qc3+ Kd7 53. Qg7+ Kc6 1/2-1/2

[Event "*** SCC Grand Prix: Titled Tuesday Blitz"]
[Site "Chess.com"]
[Date "2020.08.25"]
[Round "6"]
[White "ChessicallyInclined"]
[Black "rududuyk"]
[Result "1-0"]
[WhiteElo "2525"]
[BlackElo "2169"]
[TimeControl "180+1"]
[EndTime "11:09:04 PDT"]
[Termination "ChessicallyInclined won on time"]

1. d4 e6 2. c4 f5 3. g3 Nf6 4. Bg2 Be7 5. Nh3 O-O 6. O-O d6 7. Nf4 e5 8. dxe5 dxe5 9. Nd5 Bc5 10. Bg5 Nbd7 11. b4 Bd4 12. Ndc3 a5 13. e3 Ba7 14.
a3 Qe8 15. Nd2 Qg6 16. Bxf6 Nxf6 17. Nb5 Bb8 18. c5 f4 19. exf4 exf4 20. Nc4 axb4 21.
axb4 Rxa1 22. Qxa1 Ng4 23. Nd4 Nxh2 24. Kxh2 Qh5+ 25. Kg1 f3 26. Nxf3 Rxf3 27. Qa8 Rf8 28. Qxb8 Be6 29. Qxc7 Bxc4 30. Qxb7 Bxf1 31. Qd5+ Qxd5 32.
Bxd5+ Kh8 33. Kxf1 Rd8 34. Bf3 Rb8 35. c6 Rxb4 36.
Bg4 Rc4 37. Bd7 Kg8 38. Ke2 Kf7 39. Kd3 Rc1 40. f4 Ke7 41. Ke4 Kd6 42. Kf5 Rc5+ 43. Kg4 Rc4 44. Kg5 Rc5+ 45. f5 Rc4 46. g4 Rc5 47. Kh4 Rc4 48. Kh5 Rc5 49. g5 Rc4 50. f6 gxf6 51. gxf6 Rc5+ 52. Kh6 Rc4 53. Kxh7 1-0

[Event "*** SCC Grand Prix: Titled Tuesday Blitz"]
[Site "Chess.com"]
[Date "2020.08.25"]
[Round "6"]
[White "Dr_crypt"]
[Black "elcandado"]
[Result "1-0"]
[WhiteElo "2388"]
[BlackElo "2499"]
[TimeControl "180+1"]
[EndTime "11:09:04 PDT"]
[Termination "Dr_crypt won by resignation"]

1. d4 Nf6 2. Nf3 d5 3. Bf4 e6 4. e3 Bd6 5. Bg3 O-O 6. Bd3 c5 7.
c3 Qc7 8. Bxd6 Qxd6 9. Ne5 Nfd7 10. f4 g6 11. Nd2 f6 12. Nxg6 hxg6 13. Bxg6 Kg7 14.
Qg4 Rg8 15. Qh5 Rh8 16. Qg4 Kf8 17. O-O-O f5 18. Qg3 Nf6 19. Nf3 Qe7 20. Ne5 Qg7 21. h4 Nc6 22. h5 Nxe5 23. fxe5 Ne4 24. Qf3 cxd4 25. cxd4 Ke7 26. g4 fxg4 27. Qxg4 Qh6 28. Rh3 Qg5 29. Qxg5+ Nxg5 30. Rg3 Nf7 31. Bxf7 Kxf7 32.
Rf1+ Ke8 33. Rg7 Bd7 34. Rff7 Rc8+ 35. Kd2 Rc7 36. Re7+ Kd8 37. Ref7 Rxh5 38. Rg8+ Be8 39. Rxe8+ Kxe8 40. Rxc7 Rh2+ 41. Kc3 Re2 42. Rxb7 Rxe3+ 43. Kb4 Rd3 44. Kc5 a5 45. Kd6 Rxd4 46. Kxe6 Kd8 47.
Kd6 Kc8 48. Ra7 Rd2 49. e6 Rxb2 50. e7 Re2 51. Ra8+ Kb7 52. e8=Q Rxe8 53. Rxe8 Kb6 54. Kxd5 Kb5 55. Rb8+ Ka4 56. Kc4 Ka3 57. Kc3 Kxa2 58. Ra8 a4 59. Rxa4+ 1-0

[Event "*** SCC Grand Prix: Titled Tuesday Blitz"]
[Site "Chess.com"]
[Date "2020.08.25"]
[Round "6"]
[White "Chessbard1972"]
[Black "fish7728"]
[Result "1-0"]
[WhiteElo "2404"]
[BlackElo "2190"]
[TimeControl "180+1"]
[EndTime "11:09:04 PDT"]
[Termination "Chessbard1972 won on time"]

1. e4 c5 2. d4 cxd4 3. c3 d3 4. c4 e6 5. Bxd3 a6 6. Nf3 Qc7 7. O-O d6 8. b3 Nf6 9. Bb2 Be7 10. Nc3 O-O 11. Rc1 Nbd7 12. Qe2 b6 13. Rfd1 Bb7 14.
Bb1 Rac8 15. Nd4 Qb8 16. f3 Rfe8 17. Qf2 Bd8 18. Kh1 Bc7 19. Qg1 Nf8 20. Nde2 Ng6 21. Ng3 h5 22. Qf2 h4 23. Nf1 h3 24. g3 d5 25.
exd5 exd5 26. Nxd5 Nxd5 27. cxd5 Be5 28. Rxc8 Rxc8 29.
Be4 Bxb2 30. Qxb2 Ne5 31. Ne3 Re8 32. Nf5 f6 33. Qd2 g6 34. Ne3 f5 35. Bxf5 Nxf3 36. Qf2 gxf5 37. Qxf3 Qe5 38. Nf1 Qe4 39. Qxe4 fxe4 40.
Ne3 Rf8 41. d6 Rd8 42. Kg1 Kf7 43. Nc4 b5 44. Ne3 Ke6 45. Kf2 Rxd6 46. Rxd6+ Kxd6 47. g4 Ke5 48. Kg3 Kd4 49. Nf5+ Kd3 50. Kf4 1-0

[Event "*** SCC Grand Prix: Titled Tuesday Blitz"]
[Site "Chess.com"]
[Date "2020.08.25"]
[Round "6"]
[White "x-0414717230"]
[Black "Natalya_Buksa"]
[Result "1/2-1/2"]
[WhiteElo "2710"]
[BlackElo "2502"]
[TimeControl "180+1"]
[EndTime "11:09:05 PDT"]
[Termination "Game drawn by repetition"]

1. d4 d5 2. c4 e6 3. Nf3 Nf6 4. Nc3 Be7 5. Bf4 O-O 6. e3 b6 7.
Bd3 Bb7 8. cxd5 Nxd5 9. Nxd5 exd5 10. O-O Nd7 11. Ne5 Nxe5 12. dxe5 c5 13. Qh5 g6 14. Qh6 Re8 15. e6 Rf8 16. Be5 Bf6 17. f4 Qe7 18. Bxf6 Qxf6 19. f5 fxe6 20. fxg6 Qg7 21. Qh3 e5 22. Rf7 Rxf7 23. gxf7+ Kh8 24. Rf1 e4 25. Bb5 Rf8 26. Qd7 Ba8 27. Qe8 d4 28. Bc4 d3 29.
b3 a6 30. a4 b5 31. axb5 axb5 32. Bxb5 Bd5 33. Bc4 Bxc4 34. bxc4 h6 35. g3 d2 36. Qd7 d1=Q 37. Qxd1 Rxf7 38. Rxf7 Qxf7 39. Qd8+ Kh7 40. Qb8 Qxc4 41. Qc7+ Kg6 42. Qc6+ Kf5 43. h3 Qc1+ 44. Kg2 Qd2+ 45. Kh1 Qe1+ 46. Kg2 Qe2+ 47. Kh1 Qf3+ 48. Kh2 Qf2+ 49. Kh1 Qxe3 50. Qd5+ Kf6 51. Qd6+ Kg7 52. Qe7+ Kg6 53. Qe6+ Kg7 54. Qe7+ Kg6 55. Qe6+ Kg7 56.
Qe7+ 1/2-1/2

[Event "*** SCC Grand Prix: Titled Tuesday Blitz"]
[Site "Chess.com"]
[Date "2020.08.25"]
[Round "6"]
[White "QuintilianoR"]
[Black "Angel_Hranitel_37"]
[Result "0-1"]
[WhiteElo "2603"]
[BlackElo "2463"]
[TimeControl "180+1"]
[EndTime "11:09:07 PDT"]
[Termination "Angel_Hranitel_37 won on time"]

1. Nf3 Nf6 2. c4 g6 3. Nc3 Bg7 4. d4 d6 5. Bg5 O-O 6. e3 c5 7. d5 e6 8. Be2 exd5 9. cxd5 Bg4 10. Nd2 Bxe2 11. Qxe2 a6 12. a4 Nbd7 13. O-O h6 14.
Bh4 Qe7 15. Rfd1 Rfe8 16. h3 Rab8 17. Nc4 Ne5 18. Na3 g5 19. Bg3 g4 20. Bxe5 Qxe5 21.
Nc4 Qg5 22. Nxd6 gxh3 23. f4 h2+ 24. Kh1 Qh4 25. g3 Qxg3 26. Nxe8 Rxe8 27. Qxh2 Qf3+ 28. Qg2 Qh5+ 29. Kg1 Rxe3 30. Re1 Rh3 31. Rf1 Ng4 32. Ne4 Bd4+ 33. Nf2 f5 34. Ra3 Rh2 35. Qf3 Qh4 36. Qg3 Rh1+ 37. Kg2 Rh2+ 38. Kg1 Bxf2+ 39. Rxf2 Qxg3+ 40.
Rxg3 Rxf2 41. Rxg4+ fxg4 42. Kxf2 h5 43. f5 Kf7 44. Kg3 b5 45. axb5 axb5 46. d6 c4 47. Kh4 b4 48. Kg3 c3 49. bxc3 bxc3 0-1

[Event "*** SCC Grand Prix: Titled Tuesday Blitz"]
[Site "Chess.com"]
[Date "2020.08.25"]
[Round "6"]
[White "ExtremeLearner"]
[Black "BlackBoarder"]
[Result "1-0"]
[WhiteElo "2406"]
[BlackElo "2541"]
[TimeControl "180+1"]
[EndTime "11:09:08 PDT"]
[Termination "ExtremeLearner won on time"]

1. d4 e6 2. Nf3 Nf6 3. g3 d5 4. Bg2 Be7 5. O-O O-O 6. c4 a6 7. Qc2 dxc4 8. a4 Nc6 9. Qxc4 Qd5 10. Nbd2 Rd8 11. e3 Nb4 12. Ne5 Qxc4 13. Ndxc4 Nfd5 14. Bd2 f6 15. Nf3 c5 16. Bc3 Nxc3 17. bxc3 Nd5 18. Rfc1 cxd4 19. cxd4 Bd7 20. Nfd2 b5 21. Bxd5 exd5 22.
Nb6 Rab8 23. a5 Be8 24. Nb3 Bb4 25. Rc7 Bxa5 26. Rxa5 Rxb6 27. Nc5 b4 28. Rxa6 Rxa6 29. Nxa6 b3 30. Rb7 Rc8 31. Nc5 Ra8 32. Rxb3 Kf7 33. Rb7+ Kg6 34. Kg2 Bc6 35. Rc7 Bb5 36. h4 Ra1 37. g4 Bf1+ 38. Kg3 Be2 39. f3 Rf1 40. h5+ Kh6 41. f4 Rf3+ 42. Kh4 g5+ 43. hxg6 Kxg6 44. Ne6 Rxe3 45. f5+ Kh6 46. Nf8 1-0

[Event "*** SCC Grand Prix: Titled Tuesday Blitz"]
[Site "Chess.com"]
[Date "2020.08.25"]
[Round "6"]
[White "lucasmito"]
[Black "viniciusrego"]
[Result "0-1"]
[WhiteElo "2514"]
[BlackElo "2261"]
[TimeControl "180+1"]
[EndTime "11:09:08 PDT"]
[Termination "viniciusrego won by resignation"]

1. e4 c5 2. Nf3 d6 3. d4 cxd4 4. Nxd4 Nf6 5. Nc3 g6 6. Be3 Bg7 7. f3 O-O 8. Qd2 Nc6 9. O-O-O Nxd4 10. Bxd4 Be6 11. Kb1 Qc7 12. h4 Rfc8 13. h5 Qa5 14.
hxg6 hxg6 15. a3 Rab8 16. Nd5 Qxd2 17. Rxd2 Bxd5 18. exd5 a6 19. Be2 Nd7 20. Be3 b5 21. f4 Rc7 22. Bd4 a5 23. Bxg7 Kxg7 24. Rd4 b4 25. a4 Rh8 26. Rxh8 Kxh8 27. Bb5 Nc5 28. c3 bxc3 29. bxc3 Kg7 30. Bc6 Rc8 31. Ka2 Rh8 32. Rd2 Rh4 33. g3 Rh3 34. Rb2 Rxg3 35. c4 Rc3 36.
Bb5 Rf3 37. Re2 Kf6 38. Rh2 Rxf4 39. Rh8 g5 40. Ra8 Rf2+ 41. Kb1 Rf1+ 42. Kc2 Rf2+ 43. Kd1 g4 44. Ke1 g3 45. Rg8 Nd3+ 46. Kd1 g2 47. c5 Rf1+ 48. Kd2 g1=Q 49. Rxg1 Rxg1 50. c6 Nb4 51. c7 Rg8 52. Bd7 Nxd5 53. c8=Q Rxc8 54. Bxc8 Ke5 55. Kd3 Nb6 0-1

[Event "*** SCC Grand Prix: Titled Tuesday Blitz"]
[Site "Chess.com"]
[Date "2020.08.25"]
[Round "6"]
[White "dolynachess"]
[Black "chessfrendz"]
[Result "1-0"]
[WhiteElo "2423"]
[BlackElo "2228"]
[TimeControl "180+1"]
[EndTime "11:09:08 PDT"]
[Termination "dolynachess won by resignation"]

1. d4 Nf6 2. c4 c5 3. Nf3 cxd4 4. Nxd4 e5 5. Nc2 d5 6. cxd5 Qxd5 7. Qxd5 Nxd5 8. e4 Nb4 9. Nxb4 Bxb4+ 10. Nc3 O-O 11.
Bd2 Nc6 12. a3 Nd4 13. Rc1 Ba5 14. b4 Bd8 15. Be3 Nb3 16. Rd1 Be6 17. Nd5 a5 18. Bc4 Nd4 19. Bxd4 exd4 20. Rxd4 axb4 21. axb4 Bxd5 22.
Bxd5 Bf6 23. Rd1 Bc3+ 24. Ke2 Bxb4 25. Rb1 Bc5 26. Rxb7 Rab8 27. Bxf7+ Kh8 28. Rhb1 Ra8 29. f4 g6 30. e5 Ra3 31. Rc7 Re3+ 32. Kd2 Rd8+ 33.
Kc2 Re2+ 34. Kc3 Be3 35. g3 Rxh2 36. Rbb7 Bf2 37. e6 Be1+ 38. Kb3 Re2 39. e7 Rd3+ 40. Kc4 Rc3+ 41. Kd4 Rxc7 42. Rxc7 Bxg3 43. e8=Q+ Rxe8 44. Bxe8 Bxf4 45. Rd7 g5 46. Bh5 h6 47. Ke4 Bg3 48.
Kf5 Kg8 49. Kg6 Kf8 50. Kxh6 Bf4 51. Kg6 g4 52. Bxg4 1-0

[Event "*** SCC Grand Prix: Titled Tuesday Blitz"]
[Site "Chess.com"]
[Date "2020.08.25"]
[Round "6"]
[White "KaterinaMiroshnik"]
[Black "Lion-Al-Messi"]
[Result "1-0"]
[WhiteElo "2441"]
[BlackElo "2561"]
[TimeControl "180+1"]
[EndTime "11:09:09 PDT"]
[Termination "KaterinaMiroshnik won by resignation"]

1. d4 b6 2. Nf3 Bb7 3. e3 e6 4.
Bd3 c5 5. O-O Nf6 6. b3 Be7 7.
Bb2 cxd4 8. Bxd4 O-O 9. Nbd2 d6 10. Bb2 Nbd7 11. Qe2 Nc5 12. c4 Nxd3 13. Qxd3 Qc7 14. e4 Rad8 15. Nd4 Nd7 16. Qg3 Bf6 17. Nb5 Qc5 18. Ba3 Qh5 19. Nxd6 Be5 20. f4 Bxa1 21. Nxb7 Bd4+ 22. Kh1 Qe2 23. Nxd8 Rxd8 24. Bc1 Nc5 25. Qf3 Qxf3 26. gxf3 Be3 27. Nb1 Rd3 28. Kg2 h5 29. Bxe3 Rxe3 30. Kf2 Rd3 31. Ke2 f5 32. b4 Rd4 33.
bxc5 bxc5 34. Nd2 Rd6 35. Rb1 Ra6 36. Rb2 Kh7 37. e5 h4 38. Nb3 Rb6 39. Rd2 Rb4 40.
Rc2 a5 41. Nxc5 Rb1 42. Kf2 h3 43. Kg3 Rg1+ 44. Kxh3 Kh6 45. Nxe6 Rf1 46. Ng5 Re1 47. c5 Rd1 48. c6 Rd8 49. c7 Rc8 50. Rc6+ Kh5 51. Nf7 a4 52. Nd6 Rh8 53. c8=Q Rxc8 54. Rxc8 a3 55. e6 g5 56. e7 1-0

[Event "*** SCC Grand Prix: Titled Tuesday Blitz"]
[Site "Chess.com"]
[Date "2020.08.25"]
[Round "6"]
[White "isainz"]
[Black "Region_07"]
[Result "1-0"]
[WhiteElo "2135"]
[BlackElo "2369"]
[TimeControl "180+1"]
[EndTime "11:09:09 PDT"]
[Termination "isainz won by checkmate"]

1. e4 Nc6 2. Nf3 d6 3. d4 g6 4.
Nc3 Bg7 5. h3 Nf6 6. Be3 O-O 7.
Bd3 e5 8. dxe5 Nxe5 9. Nxe5 dxe5 10. O-O c6 11. Ne2 Nh5 12. a4 a5 13. Qd2 Be6 14. Rad1 Qc7 15. Qc3 Nf4 16. Nxf4 exf4 17. Bd4 Bxd4 18.
Qxd4 f3 19. e5 Rad8 20. Qe3 fxg2 21. Kxg2 Bd5+ 22. Kg1 Rfe8 23. f4 f6 24. c4 Bf7 25.
Rfe1 fxe5 26. fxe5 Re7 27. Re2 Rde8 28. Rde1 Rxe5 29.
Qxe5 Rxe5 30. Rxe5 Qb6+ 31. Kg2 Qxb2+ 32. Kg3 Qd4 33.
R1e3 Bxc4 34. Re8+ Kg7 35. Bxc4 Qxc4 36. R8e7+ Kh6 37.
Rxb7 Qd4 38. Ree7 Qd2 39. Rxh7+ Kg5 40. h4+ Kf6 41. Rhf7+ Ke6 42. Rbe7+ Kd6 43. Rd7+ Kc5 44. Rxd2 Kc4 45. Rc2+ Kb4 46. Rxc6 Kxa4 47. Rxg6 Kb3 48. Rf4 a4 49. Ra6 a3 50. Rfa4 a2 51. Rxa2 Kb4 52.
R2a5 Kc3 53. Rb6 Kc4 54. Rab5 Kd3 55. Rc5 Kd2 56. Rd6+ Ke3 57. Re5# 1-0

[Event "*** SCC Grand Prix: Titled Tuesday Blitz"]
[Site "Chess.com"]
[Date "2020.08.25"]
[Round "6"]
[White "Aleksey_Sorokin"]
[Black "Oglob71"]
[Result "0-1"]
[WhiteElo "2699"]
[BlackElo "2564"]
[TimeControl "180+1"]
[EndTime "11:09:10 PDT"]
[Termination "Oglob71 won by resignation"]

1. d4 Nf6 2. c4 e6 3. Nf3 b6 4.
a3 Ba6 5. Qc2 c5 6. d5 exd5 7.
cxd5 Bb7 8. e4 Qe7 9. Bd3 Nxd5 10. O-O Nc7 11. Nc3 Ne6 12. Nd5 Qd8 13. b4 Nc6 14.
Bb2 Rc8 15. Qd2 Be7 16. b5 Ncd4 17. Nxd4 cxd4 18. Be2 O-O 19. Rad1 Bc5 20. f4 d3+ 21. Kh1 dxe2 22. Qxe2 Bxd5 23. Rxd5 f6 24. Rfd1 Rf7 25. Qg4 Nf8 26. h4 Qe8 27. f5 d6 28. h5 h6 29.
R1d3 Re7 30. Bxf6 Rf7 31. Rg3 Qd7 32. e5 Bf2 33. e6 Rc1+ 34. Kh2 Bxg3+ 35. Kxg3 Rxf6 36.
exd7 Nxd7 37. Kh2 Ne5 38. Qf4 Rc4 39. Rd4 Rc5 40. Rxd6 Rxd6 41. Qe4 Rf6 42. a4 Kh7 43. Qb7 Rxf5 44. Qxa7 Rxh5+ 45. Kg3 Rc3+ 46. Kf4 Ng6+ 47. Ke4 Rc4+ 48. Kd3 Rg4 49. Qa8 Rc5 50. a5 Rxb5 51.
a6 Ra4 52. Qb7 Rba5 53. Qxb6 Rxa6 54. Qb5 Ra3+ 55. Ke2 R6a4 56. g3 Ra2+ 57. Kf3 R4a3+ 58. Kg4 Ra4+ 59. Kh3 R2a3 60. Qf5 Rb4 61. Kh2 Rbb3 62. Qe4 Rxg3 63. Qf5 Rge3 64. Qc2 Rec3 65. Qb1 Rab3 66. Qa2 Ra3 67. Qb1 Rh3+ 68. Kg2 Rag3+ 69. Kf2 Rf3+ 70. Kg2 Rhg3+ 71. Kh2 Rg5 72. Qe4 Rf4 0-1

[Event "*** SCC Grand Prix: Titled Tuesday Blitz"]
[Site "Chess.com"]
[Date "2020.08.25"]
[Round "6"]
[White "boasovietica"]
[Black "Haykoooo0o"]
[Result "0-1"]
[WhiteElo "2395"]
[BlackElo "2522"]
[TimeControl "180+1"]
[EndTime "11:09:10 PDT"]
[Termination "Haykoooo0o won by resignation"]

1. e4 c5 2. Nf3 e6 3. Nc3 a6 4.
g3 Qc7 5. Bg2 b5 6. O-O Bb7 7. d3 d6 8. Ng5 h6 9. Nh3 Nf6 10. f4 Nbd7 11. Bd2 Be7 12. Qe2 O-O-O 13. a4 b4 14. Nd1 Kb8 15. c3 a5 16. cxb4 cxb4 17.
Rc1 Qb6+ 18. Be3 Qa6 19. Ndf2 Rc8 20. Qd2 Nc5 21. g4 Nxa4 22. d4 Nb6 23. b3 Rxc1 24.
Rxc1 Rc8 25. g5 Nfd7 26. Rxc8+ Nxc8 27. gxh6 gxh6 28. Bf1 Qc6 29. Bc4 d5 30. exd5 exd5 31. Bd3 a4 32. bxa4 Qxa4 33. f5 b3 34. Nf4 Qa1+ 35. Kg2 b2 36. Qc2 Nf6 37. Qb3 Ne4 38.
Nxe4 dxe4 39. Bc2 Bd6 40. Nd5 b1=Q 41. Qxb1 Qxb1 42. Bxb1 Bxd5 43. Bxh6 f6 44. Be3 Ne7 45. h4 Nxf5 46. Kf2 Nxh4 47. Ke2 Nf5 48. Bc2 Nxe3 49. Kxe3 f5 50. Bd1 Kc7 51. Bh5 f4+ 0-1

[Event "*** SCC Grand Prix: Titled Tuesday Blitz"]
[Site "Chess.com"]
[Date "2020.08.25"]
[Round "6"]
[White "vladislavkovalev"]
[Black "attack2mateU"]
[Result "0-1"]
[WhiteElo "2869"]
[BlackElo "2714"]
[TimeControl "180+1"]
[EndTime "11:09:11 PDT"]
[Termination "attack2mateU won by resignation"]

1. e4 c5 2. Be2 Nc6 3. d3 d5 4. f4 dxe4 5. dxe4 Qxd1+ 6. Bxd1 b6 7. c3 Bb7 8. Nf3 Nf6 9. Bc2 e6 10. Be3 Bd6 11. e5 Nd5 12. Bd2 Bc7 13. Na3 f6 14. O-O-O fxe5 15. Nb5 O-O-O 16. Nxc7 Kxc7 17.
fxe5 h6 18. Nh4 Nde7 19. Rhf1 Rhf8 20. Rde1 Ba6 21. Rxf8 Rxf8 22. Nf3 g5 23. h3 Nd5 24. Nh2 Rf2 25. Ng4 Rxg2 26. Nxh6 Nf4 27. h4 Ne2+ 28. Kd1 gxh4 29. Be4 Rg7 30. Rxe2 Bxe2+ 31. Kxe2 h3 32. Bf4 Ne7 33. Kf2 Nd5 34. Bh2 Kd8 35. Bf3 Ke7 36.
Ng4 c4 37. Kg3 b5 38. Kxh3 b4 39. Bxd5 exd5 40. cxb4 d4 41. Bf4 c3 42. Kg3 cxb2 43.
Kf3 b1=Q 44. Nf6 Qd3+ 45. Kf2 Qf5 46. Kf3 Ke6 47. Ne4 Qh3+ 48. Ng3 Rxg3+ 49. Bxg3 Qh5+ 50. Kg2 Qf5 51. Kg1 Qe4 52. Bf2 d3 53. Kf1 Qe2+ 54. Kg2 d2 55. Kg3 d1=Q 56. Be3 Qdf1 0-1

[Event "*** SCC Grand Prix: Titled Tuesday Blitz"]
[Site "Chess.com"]
[Date "2020.08.25"]
[Round "6"]
[White "VincentKeymer"]
[Black "Korchmar_Vasiliy"]
[Result "1-0"]
[WhiteElo "2808"]
[BlackElo "2610"]
[TimeControl "180+1"]
[EndTime "11:09:11 PDT"]
[Termination "VincentKeymer won by resignation"]

1. Nf3 d5 2. e3 Nf6 3. c4 c6 4.
Nc3 e6 5. b3 Nbd7 6. Bb2 Bd6 7.
Qc2 O-O 8. Be2 Re8 9. O-O b6 10. cxd5 exd5 11. Rac1 Bb7 12. Rfd1 Rc8 13. Bf1 c5 14. d4 c4 15. g3 a6 16. a4 Bc6 17.
bxc4 dxc4 18. d5 Bb7 19. Bg2 Nc5 20. Nd4 Nd3 21. Rxd3 cxd3 22. Qxd3 Ng4 23. Qd1 Ne5 24. Ba1 Ba3 25. Rc2 Bf8 26. h3 Qd7 27. Kh2 Rc7 28. e4 Rec8 29. Qb1 Nc4 30. Qb3 Na3 31. Rc1 Rc4 32. Nf5 g6 33. Ne3 R4c7 34. e5 Nc4 35. Ne4 Nxe3 36. Nf6+ Kh8 37. Nxd7 Rxc1 38. Qxe3 Rxa1 39.
Nxf8 Rxf8 40. Qxb6 Ba8 41. Qxa6 Re1 42. h4 Kg8 43. f4 Rd1 44. Qe2 Rd4 45. Qe3 Rxa4 46.
Qb3 Rd4 47. Qc3 Rd1 48. d6 Bxg2 49. Kxg2 Rb1 50. h5 gxh5 51. Qd3 Rb2+ 52. Kh3 Kg7 53.
Qf5 Re8 54. Qg5+ Kf8 55. d7 1-0

[Event "*** SCC Grand Prix: Titled Tuesday Blitz"]
[Site "Chess.com"]
[Date "2020.08.25"]
[Round "6"]
[White "Aygehovit1992"]
[Black "anon102030"]
[Result "0-1"]
[WhiteElo "2605"]
[BlackElo "2737"]
[TimeControl "180+1"]
[EndTime "11:09:11 PDT"]
[Termination "anon102030 won by resignation"]

1. e4 e5 2. Nf3 Nc6 3. Bb5 Nge7 4. Nc3 d6 5. d4 Bd7 6. Be3 Ng6 7. h4 h5 8. Bxc6 Bxc6 9. Qd3 Be7 10. O-O-O Nxh4 11. Nxh4 Bxh4 12. dxe5 dxe5 13. Qe2 Qe7 14. g3 Bf6 15. Rxh5 Rxh5 16. Qxh5 g6 17. Qh7 Rd8 18. Qg8+ Qf8 19. Qxf8+ Kxf8 20. Rxd8+ Bxd8 21. Bxa7 b6 22. a4 Bg5+ 23. Kd1 Ke7 24. b4 Kd7 25. a5 bxa5 26. bxa5 Bb7 27. Bc5 Bc8 28. Ke2 Kc6 29. Be3 Bd8 30.
f4 exf4 31. gxf4 Kb7 32. Bd2 Ka6 33. Nd5 c6 34. Nb4+ Kb5 35. c4+ Kxc4 36. Nxc6 Bc7 37.
Ne7 Ba6 38. Kf3 Bb7 39. Ke3 Bd6 40. Nd5 Bc5+ 41. Kf3 f5 42. Ne3+ Kd3 43. Bc1 fxe4+ 44.
Kf2 Ba7 45. Kg3 Bxe3 46. Bxe3 Kxe3 47. Kg4 Kf2 48. Kg5 e3 49. a6 Bxa6 50. f5 gxf5 0-1

[Event "*** SCC Grand Prix: Titled Tuesday Blitz"]
[Site "Chess.com"]
[Date "2020.08.25"]
[Round "6"]
[White "Chessdreamer2020"]
[Black "Caterpiller35"]
[Result "0-1"]
[WhiteElo "2471"]
[BlackElo "2357"]
[TimeControl "180+1"]
[EndTime "11:09:11 PDT"]
[Termination "Caterpiller35 won by checkmate"]

1. e4 c5 2. Nf3 Nc6 3. Bb5 g6 4. O-O Bg7 5. c3 Nf6 6. Qa4 O-O 7. d4 d5 8. e5 Ne4 9. Bxc6 bxc6 10. Qxc6 Bg4 11. Nbd2 Rc8 12. Qa6 cxd4 13. cxd4 f6 14. exf6 Rxf6 15. Qxa7 Rc2 16. Qa4 Qc8 17. Ne5 Be2 18.
Nxe4 Bxf1 19. Nxf6+ exf6 20. Bf4 fxe5 21. Bxe5 Bxe5 22.
dxe5 Rc1 23. Rxc1 Qxc1 24. Qe8+ Kg7 25. Qe7+ Kg8 26. Qe8+ Kg7 27. Qe7+ Kg8 28. h3 Bd3+ 29. Kh2 Qf4+ 30. Kg1 Be4 31. Qe8+ Kg7 32. Qe7+ Kh6 33.
Qf6 Qxf6 34. exf6 d4 35. f3 Bd5 36. a4 Kg5 37. Kf2 Kxf6 38. b4 Ke5 39. Ke2 Bc4+ 40.
Kd2 Kd5 41. g3 Bf1 42. h4 Bg2 43. f4 Kc4 44. h5 gxh5 45. a5 Kxb4 46. a6 Kc4 47. a7 Ba8 48. f5 Kd5 49. Kd3 Ke5 50. f6 Kxf6 51. Kxd4 Kg5 52. Ke3 Kg4 53. Kf2 Bf3 54.
Ke3 Kxg3 55. Kd4 h4 56. Ke5 h3 57. Kf6 h2 58. Kg7 h1=Q 59. Kf7 Qa1 60. Ke6 Qxa7 61.
Kd6 Qf7 62. Ke5 Qf4+ 63. Ke6 h5 64. Ke7 h4 65. Ke6 h3 66. Kd7 h2 67. Ke7 h1=Q 68. Kd7 Qd1+ 69. Ke6 Qe2+ 70. Kd7 Qd4+ 71. Kc8 Qc2+ 72.
Kb8 Qb4+ 73. Ka7 Qa2# 0-1